 Dungeon Crawl Stone Soup version 0.29.1-15-g9cfb28693d (webtiles) character file.

Game seed: 9425416074945836336

30 Milacek the Conjurer (level 3, -7/19 HPs)
             Began as a Deep Elf Conjurer on Mar 29, 2023.
             Was a Follower of Okawaru.
             Killed from afar by Sigmund (14 damage)
             ... with a puff of flame
             ... on level 2 of the Dungeon.
             The game lasted 00:08:11 (1167 turns).

Milacek the Conjurer (Deep Elf Conjurer)            Turns: 1167, Time: 00:08:11

Health: -7/19      AC:  2    Str:  4    XL:     3   Next: 5%
Magic:  9/9        EV: 12    Int: 24    God:    Okawaru [*.....]
Gold:   21         SH:  0    Dex: 13    Spells: 5/8 levels left

rFire   . . .      SeeInvis .   j - +0 dagger
rCold   . . .      Faith    .   (no shield)
rNeg    . . .      Spirit   .   a - +0 robe
rPois   .          Reflect  .   (no helmet)
rElec   .          Harm     .   (no cloak)
rCorr   .          Rampage  .   (no gloves)
Will    .....                   (no boots)
Stlth   ++........              (no amulet)
HPRegen 0.06/turn               (no ring)
MPRegen 0.11/turn               (no ring)

@: no status effects
A: no striking features
a: Renounce Religion, Heroism


You were on level 2 of the Dungeon.
You worshipped Okawaru.
Okawaru was aware of your devotion.
You visited 1 branch of the dungeon, and saw 2 of its levels.

You collected 21 gold pieces.

Inventory:

Hand Weapons
 j - a +0 dagger (weapon)
Armour
 a - a +0 robe (worn)
Scrolls
 c - a scroll of fear {unknown}
 d - a scroll of enchant weapon {unknown}
 f - a scroll of teleportation {unknown}
 h - a scroll of vulnerability {unknown}
 k - a scroll of identify {unknown}
Potions
 b - a potion of magic
 e - a potion of cancellation {unknown}
 g - a potion of haste {unknown}
 i - a potion of mutation {unknown}


   Skills:
 + Level 2.5 Dodging
 + Level 2.5 Stealth
 + Level 3.3 Spellcasting
 + Level 5.2 Conjurations


You had 5 spell levels left.
You knew the following spells:

 Your Spells              Type           Power      Damage    Failure   Level
a - Magic Dart            Conj           100%       1d8       1%          1
b - Searing Ray           Conj           58%        2d6       1%          2

Your spell library contained the following spells:

 Spells                   Type           Power      Damage    Failure   Level
 Dazzling Flash           Conj/Hex       32%        N/A       11%         3
 Fulminant Prism          Conj/Hex       8%         3d7       34%         4
 Iskenderun's Mystic Bla  Conj/Tloc      16%        2d5       34%         4
 Passage of Golubria      Tloc           4%         N/A       71%         4
 Yara's Violent Unravell  Hex/Tmut       2%         3d3       96%         5
 Tukima's Dance           Hex            Unusable   N/A       N/A         3

Dungeon Overview and Level Annotations

Branches:
Dungeon (2/15)

Altars:
Nemelex Xobeh
Okawaru

Annotations:
D:2 Sigmund


Message History

You see here a ball python corpse.
An endoplasm comes into view.
Aiming: Magic Dart (safe; 1% risk of failure)
Press: ? - help, Q - select action, (/) - cycle Shift-Dir - straight line, f - endoplasm
Aim: an endoplasm (asleep, 100% to hit)
The magic dart hits the endoplasm but does no damage.
Aiming: Magic Dart (safe; 1% risk of failure)
Press: ? - help, Q - select action, (/) - cycle Shift-Dir - straight line, f/p - endoplasm
Aim: an endoplasm (100% to hit)
The magic dart hits the endoplasm.
The endoplasm is lightly wounded.
Aiming: Magic Dart (safe; 1% risk of failure)
Press: ? - help, Q - select action, (/) - cycle Shift-Dir - straight line, f/p - endoplasm
Aim: an endoplasm (lightly wounded, 100% to hit)
The magic dart hits the endoplasm but does no damage.
The endoplasm is lightly wounded.
Aiming: Magic Dart (safe; 1% risk of failure)
Press: ? - help, Q - select action, (/) - cycle Shift-Dir - straight line, f/p - endoplasm
Aim: an endoplasm (lightly wounded, 100% to hit)
The magic dart hits the endoplasm.
You kill the endoplasm!
Okawaru accepts your kill.
Sigmund the Dreaded comes into view.
He is wielding a +0 scythe and wearing a +1 robe of willpower.
Sigmund moves out of view.
Sigmund casts a spell at you.
You are confused.
You bump into the rock wall.
You bump into the rock wall.
Sigmund points at you and mumbles some strange words.
The magic dart hits you.
You're too confused to cast spells.
Sigmund points at you and mumbles some strange words.
The puff of flame hits you!
You're too confused to cast spells.
Sigmund screams, "Don't try to resist!"
You feel less confused. Sigmund casts a spell at you.
The puff of flame hits you!
Ouch! That really hurt!
You die...

#..# # #......# #.##.# #......#
#.##.#### #....####.# .........
....#######.##### ......### ###
##..@.....## ......#
##..........## #.#####
#.....†......#
#.################............#
........(....†..@.............#
.......############..........##
..........# ##...##...##
..........# ##########
..........# ......_...#
####.....## #....)# #######


You could see Sigmund.

Vanquished Creatures
  An adder (D:2)
  5 endoplasms
  2 giant cockroaches
  2 goblins (D:1)
  A hobgoblin (D:1)
  2 kobolds (D:1)
  2 ball pythons
  3 bats
  A frilled lizard (D:2)
19 creatures vanquished.

Notes
Turn   | Place    | Note
-------+----------+-------------------------------------------
     0 | D:1      | Milacek the Deep Elf Conjurer began the quest for the Orb.
     0 | D:1      | Reached XP level 1. HP: 10/10 MP: 6/6
   166 | D:1      | Found a faded altar of an unknown god.
   415 | D:1      | Reached XP level 2. HP: 15/15 MP: 4/8
   452 | D:1      | Learned a level 2 spell: Searing Ray
   832 | D:1      | Prayed at the altar of an unknown god.
   832 | D:1      | Became a worshipper of Warmaster Okawaru
   832 | D:1      | Reached * piety under Okawaru
   842 | D:2      | Reached skill level 5 in Conjurations
  1034 | D:2      | Found a sparkling altar of Nemelex Xobeh.
  1057 | D:2      | Reached XP level 3. HP: 19/19 MP: 7/9
  1150 | D:2      | Noticed Sigmund
  1167 | D:2      | Killed from afar by Sigmund

Illustrated notes

Levels and vault maps discovered:
D:1:      lightli_molten_gateway, layout_loops_ring,
          hellmonk_ecumenical_altar_slurped_away
D:2:      layout_rooms, basic_altar, uniq_sigmund

Skill      XL: |  1  2 |
---------------+-------+-----
Conjurations   | 5 |  5.2
Dodging        | |  2.5
Stealth        | |  2.5
Spellcasting   | |  3.3

Action                   || total
-------------------------++-------
 Cast: Magic Dart        ||    41
Dodge: Dodged            ||     1
